AoeStats
← mauggy

Nomad

508160238Analyzed
3v3 RM · 13d ago on Sep 21, 2026· 34m 32s· 6 players
Game mode
Random Map
Map size
210×210
Population
200
Speed
Normal
Resources
Standard
Victory
Conquest
Starting age
Dark Age
Ending age
Imperial Age
RankedLock teamsTeams togetherTeam positionsShared explorationLock speedFull tech treeHidden civsTurbo modeCheats
Victory
Defeat
🇻🇪 Italians · Venezuela
1102
+13
🇺🇸 Maya · United States
1068
+13
🇺🇸 Byzantines · United States
1004
+16
🇨🇦 Franks · Canada
1038
-15
🇨🇦 Britons · Canada
1022
-14
🇨🇦 Japanese · Canada
961
-12
Nortrom Antivirus
4:23 Loom
13:39 Feudal Age
21:33 Castle Age
20:12 Fletching
21:15 Wheelbarrow
21:21 Horse Collar
22:21 Crossbowman
24:09 Thumb Ring
24:25 Pikeman
25:33 Heavy Plow
30:14 Bodkin Arrow
34:35 Ballistics
youremypussu
14:25 Feudal Age
12:54 Loom
14:54 Double-Bit Axe
14:52 Horse Collar
16:45 Wheelbarrow
18:19 Gold Mining
22:51 Castle Age
21:01 Stone Mining
21:59 Forging
22:16 Scale Mail Armor
22:51 Scale Barding Armor
24:18 Husbandry
30:10 Hand Cart
32:02 Gold Shaft Mining
_DLAGON_
4:27 Loom
14:00 Feudal Age
19:29 Town Watch
22:04 Castle Age
20:50 Fletching
21:22 Double-Bit Axe
21:18 Horse Collar
22:10 Padded Archer Armor
23:00 Bow Saw
23:07 Medium Warships
26:15 Wheelbarrow
25:38 Bodkin Arrow
25:50 Heavy Plow
28:03 Fishing Lines
32:30 Imperial Age
32:12 Leather Archer Armor
32:24 Ballistics
33:20 Bracer
34:59 Chemistry
34:49 Masonry
Jerry
4:34 Loom
14:32 Feudal Age
15:30 Double-Bit Axe
19:15 Stone Mining
22:26 Castle Age
20:29 Horse Collar
22:43 Gold Mining
25:09 Heavy Plow
25:22 Bow Saw
28:33 Pikeman
31:37 Ballistics
34:43 Scale Mail Armor
34:54 Forging
mauggy
4:52 Loom
12:53 Feudal Age
13:22 Double-Bit Axe
17:04 Gold Mining
18:32 Stone Mining
20:59 Castle Age
21:07 Forging
21:21 Pikeman
22:55 Iron Casting
22:33 Bow Saw
22:38 Scale Mail Armor
22:53 Scale Barding Armor
Gomey
10:12 Loom
14:05 Feudal Age
16:35 Horse Collar
21:21 Castle Age
21:57 Stone Mining
23:24 Heavy Plow
23:32 Double-Bit Axe
24:25 Squires
25:43 Bow Saw
27:50 Scale Mail Armor
29:13 Forging
30:52 Iron Casting
30:26 Pikeman
Connection lost

Rejoining the realm…

Still unreachable

The connection could not be restored.

Session expired

The server has moved on; the page needs a fresh start.